 Dungeon Crawl Stone Soup version 0.26-a0-611-g354ed81502 (webtiles) character file.

Game seed: 9120205921484390855

7 goldorilmagnifico the Grave Robber (level 1, -2/13 HPs)
             Began as a Mummy Necromancer on Sept 5, 2020.
             Slain by an adder (4 damage)
             ... on level 1 of the Dungeon.
             The game lasted 00:03:59 (827 turns).

goldorilmagnifico the Grave Robber (MuNe)            Turns: 827, Time: 00:03:59

Health: -2/13      AC:  5    Str: 11    XL:     1   Next: 91%
Magic:  0/4        EV: 10    Int: 14    God:
Gold:   35         SH:  0    Dex: 12    Spells: 4/5 levels left

rFire    x . .     SeeInvis .   c - +0 whip
rCold    + . .     Faith    .   (no shield)
rNeg     + + +     Spirit   .   f - +0 ring mail
rPois    ∞         Reflect  .   (no helmet)
rElec    .         Harm     .   (no cloak)
rCorr    .                      (no gloves)
MR       .....                  (no boots)
Stlth    +.........             (no amulet)
HPRegen  0.04/turn              (no ring)
MPRegen  0.09/turn              (no ring)

@: no status effects
A: no potions, fire vulnerability, cold resistance 1, negative energy resistance
3, torment resistance, unbreathing
a: no special abilities


You were on level 1 of the Dungeon.
You visited 1 branch of the dungeon, and saw 2 of its levels.

You collected 35 gold pieces.

Inventory:

Hand Weapons
 c - a +0 whip (weapon)
Missiles
 b - 14 stones (quivered)
Armour
 f - a +0 ring mail (worn)
Scrolls
 a - a scroll of amnesia {unknown}
 d - a scroll of enchant armour {unknown}
 e - a scroll of remove curse {unknown}


   Skills:
 + Level 1.7 Dodging
 - Level 1.5 Stealth
 + Level 2.9 Spellcasting
 + Level 4.2 Necromancy


You had 4 spell levels left.
You knew the following spells:

 Your Spells              Type           Power        Failure   Level
a - Pain                  Necr           ##..         10%         1

Your spell library contained the following spells:

 Spells                   Type           Power        Failure   Level
 Animate Skeleton         Necr           ##....       10%         1
 Vampiric Draining        Necr           ##........   28%         3
 Animate Dead             Necr           ##........   67%         4
 Agony                    Necr           ##......     95%         5


Dungeon Overview and Level Annotations

Branches:
Dungeon (2/15)

Altars:


Innate Abilities, Weirdness & Mutations

You do not drink.
Your flesh is vulnerable to fire.
You are immune to poison.
Your flesh is cold resistant. (rC+)
You are immune to negative energy. (rN+++)
You are immune to unholy pain and torment.
You can survive without breathing.


Message History

Confirm with . or Enter, or press ? or * to list all spells.
Aiming: Pain (safe; 10% risk of failure)
Press: ? - help, Shift-Dir - straight line, f - adder
Aim: an adder (heavily wounded, chance to defeat MR: 77%)
The adder writhes in agony.
The adder bites you but does no damage.
You miss the adder.
The adder is heavily wounded.
The adder barely misses you.
You barely miss the adder.
The adder is heavily wounded.
The adder bites you but does no damage. The adder bites you.
* * * LOW HITPOINT WARNING * * *
Your magical contamination has completely faded away.
You barely miss the adder.
The adder is heavily wounded.
The adder bites you but does no damage.
You hit the adder.
The adder is almost dead.
The adder bites you.
You die...

.............##..#########.#
...⌠...⌠......+..# #....(#
⌠.........⌠...##.# #.#####
.....≈.........#.# #.#
...........⌠...#.# #.#
..≈.....≈.....<#.# #.###
...........⌠...#.#####...#
.....≈.........#....####.#
⌠.........⌠...##@##.#..#.#
...⌠...⌠.......#S##....#.#
.............###.#####.#.#
#.........#### #.# #.#.#
################.#####.#.#
...........##.....(.##.#.#
...#######.##.......##.#.#
...# #..#........#.#.# ...#
##.#........#.#.#


You could see an adder.

Vanquished Creatures
  A leopard gecko (D:1)
  A goblin (D:1)
  A hobgoblin (D:2)
  2 bats (D:1)
  A kobold (D:1)
6 creatures vanquished.

Notes
Turn   | Place    | Note
-------+----------+-------------------------------------------
     0 | D:1      | goldorilmagnifico the Mummy Necromancer began the quest for
                  | the Orb.
     0 | D:1      | Reached XP level 1. HP: 13/13 MP: 4/4
   827 | D:1      | Slain by an adder

Illustrated notes

Levels and vault maps discovered:
D:1:      dpeg_arrival_stone_temple_mockup, layout_basic
D:2:      layout_rooms, overflow_temple_1_default, yredelemnul_altar_generic

Action                   || total
-------------------------++-------
Melee: Unarmed           ||    11
       Whip              ||     8
Throw: Stone             ||     4
 Cast: Pain              ||     6
Armor: Ring mail         ||     6
       Robe              ||     1
Dodge: Dodged            ||    19

Table legend: (Time is in decaauts)
 A = Elapsed time spent in this place.
 B = Non-inter-level travel time spent in this place.
 C = Inter-level travel time spent in this place.
 D = Time resting spent in this place.
 E = Time spent auto-exploring this place.
 F = Levels seen in this place.
 G = Mean time per level.
                   A        B        C        D        E       F      G
               +--------+--------+--------+--------+--------+-----+--------+
         Total |    827 |    827 |      0 |    261 |    312 |   2 |  413.5 |
       Dungeon |    827 |    827 |      0 |    261 |    312 |   2 |  413.5 |
               +--------+--------+--------+--------+--------+-----+--------+

Top non-repeatable levels by time:
     D:1: 822 daAuts
     D:2: 5 daAuts
